 Dungeon Crawl Stone Soup version 0.16-a0-328-gfd822c7 (webtiles) character file.

19 Ratboiler the Insei (level 2, -2/18 HPs)
             Began as an Octopode Transmuter on Sept 6, 2014.
             Slain by a kobold
             ... wielding a +0 dagger
              (3 damage)
             ... on Level 1 of the Dungeon.
             The game lasted 00:02:04 (1107 turns).

Ratboiler the Insei (Octopode Transmuter)           Turns: 1107, Time: 00:02:05

HP  -2/18        AC  1     Str  9      XL: 2   Next: 75%
MP   4/4         EV 12     Int 15      God:
Gold 29          SH  0     Dex 12      Spells:  2 memorised,  2 levels left

rFire  . . .     SeeInvis .       - Unarmed
rCold  . . .     Clarity  .     (no shield)
rNeg   . . .     rCorr    .     (helmet restricted)
rPois  .         rRot     .     (no amulet)
rElec  .         Spirit   .     c - ring of stealth
SustAb .         Warding  .     (no ring)
rMut   .         Stasis   .     (no ring)
Gourm  .                        (no ring)
MR     .....                    (no ring)
                                (no ring)
                                (no ring)
                                (no ring)

@: appendage (expiring), not resistant to hostile enchantments, fairly stealthy
A: almost no armour, amphibious, 8 rings, constrict 8, tentacle spike 3,
camouflage 1, gelatinous body 1
a: End Transformation


You were on level 1 of the Dungeon.
You were hungry.
One of your tentacles had a temporary spike.
You visited 1 branch of the dungeon, and saw 2 of its levels.

You collected 29 gold pieces.

Inventory:

Missiles
 b - 12 arrows
 f - 3 javelins (quivered)
Comestibles
 a - a bread ration
 j - a rotting chunk of jackal flesh
Scrolls
 e - a scroll of random uselessness {unknown}
 i - a scroll of identify {unknown}
Jewellery
 c - a ring of stealth (left tentacle)
Potions
 g - a potion of magic {unknown}
 h - a potion of heal wounds {unknown}
Books
 d - a book of Changes

   Spells                             Type                      Level
   *Beastly Appendage                 Transmutation                1
   *Sticks to Snakes                  Transmutation                2
   Spider Form                        Transmutation/Poison         3
   Ice Form                           Ice/Transmutation            4
   Blade Hands                        Transmutation                5


   Skills:
 - Level 1.0 Fighting
 - Level 2.0 Dodging
 * Level 3.3 Unarmed Combat
 - Level 2.0 Spellcasting
 * Level 2.8 Transmutations


You had 2 spell levels left.
You knew the following spells:

 Your Spells              Type           Power        Failure   Level  Hunger
a - Beastly Appendage     Trmt           #.....       10%         1    #......
b - Sticks to Snakes      Trmt           #.........   12%         2    ###....


Dungeon Overview and Level Annotations

Branches:
Dungeon (2/15)

Altars:


Innate Abilities, Weirdness & Mutations

You cannot wear most types of armour.
You are amphibious.
You can wear up to eight rings at the same time.
You can use your tentacles to constrict many enemies at once.
Your skin changes colour to match your surroundings (Stealth).
Your rubbery body absorbs attacks (AC +1).
One of your tentacles bears a large vicious spike.


Message History

You constrict the hobgoblin. The kobold barely misses you.
The hobgoblin hits you with a club.
* * * LOW HITPOINT WARNING * * *
You tentacle-slap the hobgoblin but do no damage.
The hobgoblin is severely wounded.
You constrict the hobgoblin.
You kill the hobgoblin!
The kobold hits you but does no damage.
You closely miss the kobold. Your grab misses the kobold.
The kobold hits you with a dagger.
* * * LOW HITPOINT WARNING * * *
You tentacle-slap the kobold. Your grab misses the kobold.
Your tentacle spike misses the kobold.
The kobold is almost dead.
The kobold misses you.
You barely miss the kobold. Your grab misses the kobold.
Your tentacle spike misses the kobold.
Your squeeze misses the kobold.
The kobold is almost dead.
The kobold hits you with a dagger.
You die...

#.# #....#.##.## ...
#####.###....#.#...##)#
........#.......[.....#
......#.###.####...####
#######.# #.# #...# #..#.#
#.####...##
#..#.###.#..g.K..#
#........#.#####.#
##.#.#####..K@##.#
#g#...######>##.#
#.#.......##.##K#
#####.#...###.##.##.#
...##.#...#.........#
##.##.#...#.#.###.### #.#
##.##.#...#.#.....##### #.#
.........##.#######...###.#
....%.##.##.......'...'.#.#


You could see a kobold.

Vanquished Creatures
  A giant gecko (D:1)
  3 giant cockroaches (D:1)
  5 hobgoblins (D:1)
  2 jackals (D:1)
  A giant newt (D:1)
  2 goblins (D:1)
  A kobold (D:1)
  2 rats (D:1)
17 creatures vanquished.

Notes
Turn   | Place    | Note
--------------------------------------------------------------
     0 | D:1      | Ratboiler, the Octopode Transmuter, began the quest for the Orb.
     0 | D:1      | Reached XP level 1. HP: 13/13 MP: 3/3
   318 | D:1      | Reached XP level 2. HP: 13/18 MP: 2/4
   326 | D:1      | Learned a level 2 spell: Sticks to Snakes
  1107 | D:1      | Slain by a kobold

Action                   || total
-------------------------++-------
Melee: Unarmed           ||    47
 Cast: Beastly Appendage ||     7
 Stab: Sleeping          ||     5
